PAA
ASHEVILLE HIGHLANDERS @ MINNESOTA LOONS
09/05/2031
 
TOP OF THE 1ST
Asheville Highlanders batting - Pitching for Minnesota Loons : RHP Sjoerd Reynoud
Pitching: RHP Sjoerd Reynoud
Batting: RHB Harley Whitfield 0-0: Ball
1-0: Called Strike
1-1: Foul Ball, location: 2F
1-2: Fly out, F9 (Flyball, 9D)
Batting: LHB Jean Tannen 0-0: Ball
1-0: Called Strike
1-1: Ball
2-1: Ball
3-1: Swinging Strike
3-2: Strikes out looking
Batting: LHB John Hansen 0-0: Ball
1-0: Fly out, F8 (Flyball, 8LM)
Top of the 1st over - 0 runs, 0 hits, 0 errors, 0 left on base; Asheville 0 - Minnesota 0
BOTTOM OF THE 1ST
Minnesota Loons batting - Pitching for Asheville Highlanders : LHP Mariano Núñez
Pitching: LHP Mariano Núñez
Batting: RHB Dhyana Snigdha 0-0: Called Strike
0-1: Fly out, F7 (Flyball, 7LD)
Batting: LHB Bennett Whitford 0-0: Swinging Strike
0-1: Ball
1-1: Foul Ball, location: 2F
1-2: Foul Ball, location: 2F
1-2: Fly out, F1 (Line Drive, 13)
Batting: RHB Ángelo Delgado 0-0: Swinging Strike
0-1: Ball
1-1: Ball
2-1: Ground out 4-3 (Groundball, 4M)
Bottom of the 1st over - 0 runs, 0 hits, 0 errors, 0 left on base; Asheville 0 - Minnesota 0
TOP OF THE 2ND
Asheville Highlanders batting - Pitching for Minnesota Loons : RHP Sjoerd Reynoud
Batting: RHB Craig Tricket 0-0: Called Strike
0-1: Ball
1-1: Ball
2-1: Foul Ball, location: 2F
2-2: SINGLE (Groundball, 6MD)
Batting: LHB Landon Harryman 0-0: Ball
1-0: Ball
2-0: Called Strike
2-1: Called Strike
2-2: Foul Ball, location: 2F
2-2: SINGLE (Flyball, 9S)
Craig Tricket to second
Runner from 2nd tries for 3rd, SAFE, no throw
Batting: SHB Robert Hillier 0-0: Ball
1-0: Called Strike
1-1: Ball
2-1: Swinging Strike
2-2: DOUBLE (Line Drive, 78M)
Craig Tricket scores
Landon Harryman to third
Batting: LHB Félix Calixto 0-0: Foul Ball, location: 2F
0-1: Foul Ball, location: 2F
0-2: Strikes out looking
Batting: RHB Víctor Hernández 0-0: Called Strike
0-1: Ball
1-1: SINGLE (Groundball, 6D)
Landon Harryman scores
Robert Hillier to third
Runner from 3rd tries for Home, SAFE, throw made home
Batting: RHB Michael Walters 0-0: Called Strike
0-1: Ball
1-1: Foul Ball, location: 2F
1-2: Fly out, F5 (Line Drive, 56)
Batting: RHB Harley Whitfield 0-0: SINGLE (Groundball, 56D)
Víctor Hernández to second
Batting: LHB Jean Tannen 0-0: Ball
1-0: Called Strike
1-1: Ground out 4-3 (Groundball, 4S)
Top of the 2nd over - 3 runs, 5 hits, 0 errors, 2 left on base; Asheville 3 - Minnesota 0
BOTTOM OF THE 2ND
Minnesota Loons batting - Pitching for Asheville Highlanders : LHP Mariano Núñez
Batting: RHB Júlio Vargas 0-0: Ball
1-0: Called Strike
1-1: Ball
2-1: Called Strike
2-2: Strikes out swinging
Batting: RHB José de la Cavallería 0-0: Ball
1-0: Fly out, F9 (Flyball, 9D)
Batting: RHB Jimmy Fick 0-0: Foul Ball, location: 2F
0-1: Ball
1-1: Ball
2-1: Ball
3-1: Base on Balls
Batting: RHB Cody Jaeckel 0-0: Called Strike
0-1: Ball
1-1: Fly out, F7 (Flyball, 7LMF)
Bottom of the 2nd over - 0 runs, 0 hits, 0 errors, 1 left on base; Asheville 3 - Minnesota 0
TOP OF THE 3RD
Asheville Highlanders batting - Pitching for Minnesota Loons : RHP Sjoerd Reynoud
Batting: LHB John Hansen 0-0: Called Strike
0-1: Fly out, F9 (Flyball, 9S)
Batting: RHB Craig Tricket 0-0: Ball
1-0: Foul Ball, location: 2F
1-1: Called Strike
1-2: Ball
2-2: Strikes out swinging
Batting: LHB Landon Harryman 0-0: Ground out 3-1 (Groundball, 34S)
Top of the 3rd over - 0 runs, 0 hits, 0 errors, 0 left on base; Asheville 3 - Minnesota 0
BOTTOM OF THE 3RD
Minnesota Loons batting - Pitching for Asheville Highlanders : LHP Mariano Núñez
Batting: RHB Luis Delvalle 0-0: Foul Ball, location: 2F
0-1: Ground out 3-1 (Groundball, 34S)
Batting: RHB Rubén Medina 0-0: Ball
1-0: Foul Ball, location: 2F
1-1: Ball
2-1: Ball
3-1: Base on Balls
Batting: RHB Dhyana Snigdha 0-0: Ball
1-0: Called Strike
1-1: Ball
2-1: Ball
3-1: Base on Balls
Rubén Medina to second
Batting: LHB Bennett Whitford 0-0: Called Strike
0-1: Ball
1-1: Ball
2-1: Foul Ball, location: 2F
2-2: Ball
3-2: Base on Balls
Rubén Medina to third
Dhyana Snigdha to second
Batting: RHB Ángelo Delgado 0-0: Foul Ball, location: 2F
0-1: Ball
1-1: Grounds into double play, 5-2-3 (Groundball, 5S)
Bottom of the 3rd over - 0 runs, 0 hits, 0 errors, 2 left on base; Asheville 3 - Minnesota 0
TOP OF THE 4TH
Asheville Highlanders batting - Pitching for Minnesota Loons : RHP Sjoerd Reynoud
Batting: SHB Robert Hillier 0-0: Called Strike
0-1: Ball
1-1: Ground out 5-3 (Groundball, 5)
Batting: LHB Félix Calixto 0-0: Swinging Strike
0-1: Ground out 4-3 (Groundball, 4)
Batting: RHB Víctor Hernández 0-0: Ground out U3 (Groundball, 34S)
Top of the 4th over - 0 runs, 0 hits, 0 errors, 0 left on base; Asheville 3 - Minnesota 0
BOTTOM OF THE 4TH
Minnesota Loons batting - Pitching for Asheville Highlanders : LHP Mariano Núñez
Batting: RHB Júlio Vargas 0-0: Called Strike
0-1: Ball
1-1: Fly out, F7 (Flyball, 7D)
Batting: RHB José de la Cavallería 0-0: Ball
1-0: Ball
2-0: Swinging Strike
2-1: Ball
3-1: Swinging Strike
3-2: Strikes out swinging
Batting: RHB Jimmy Fick 0-0: Called Strike
0-1: Ball
1-1: Foul Ball, location: 2F
1-2: Ground out 5-3 (Groundball, 5S)
Bottom of the 4th over - 0 runs, 0 hits, 0 errors, 0 left on base; Asheville 3 - Minnesota 0
TOP OF THE 5TH
Asheville Highlanders batting - Pitching for Minnesota Loons : RHP Sjoerd Reynoud
Batting: RHB Michael Walters 0-0: Ground out 6-3 (Groundball, 6)
Batting: RHB Harley Whitfield 0-0: Called Strike
0-1: Foul Ball, location: 2F
0-2: Ball
1-2: Strikes out swinging
Batting: LHB Jean Tannen 0-0: Ground out 4-3 (Groundball, 4)
Top of the 5th over - 0 runs, 0 hits, 0 errors, 0 left on base; Asheville 3 - Minnesota 0
BOTTOM OF THE 5TH
Minnesota Loons batting - Pitching for Asheville Highlanders : LHP Mariano Núñez
Batting: RHB Cody Jaeckel 0-0: SINGLE (Line Drive, 6MD)
Batting: RHB Luis Delvalle 0-0: Ball
1-0: Ball
2-0: Ball
3-0: Base on Balls
Cody Jaeckel to second
Batting: RHB Rubén Medina 0-0: Called Strike
0-1: Ball
1-1: Ball
2-1: Ball
3-1: Called Strike
3-2: SINGLE (Line Drive, 8LS)
Cody Jaeckel to third
Luis Delvalle to second
Runner from 3rd tries for Home, SAFE, no throw
Batting: RHB Dhyana Snigdha 0-0: Called Strike
0-1: Ground out 3-1 (Groundball, 34S)
Luis Delvalle to third
Rubén Medina to second
Batting: LHB Bennett Whitford 0-0: Fly out, F8 (Flyball, 89D)
Runner from 3rd tags up, SCORES, throw made
Batting: RHB Ángelo Delgado 0-0: Ball
1-0: Fly out, F8 (Flyball, 8RM)
Bottom of the 5th over - 2 runs, 2 hits, 0 errors, 1 left on base; Asheville 3 - Minnesota 2
TOP OF THE 6TH
Asheville Highlanders batting - Pitching for Minnesota Loons : RHP Sjoerd Reynoud
Batting: LHB John Hansen 0-0: Foul Ball, location: 2F
0-1: Foul Ball, location: 2F
0-2: Ball
1-2: Ball
2-2: Ball
3-2: Foul Ball, location: 2F
3-2: Base on Balls
Batting: RHB Craig Tricket 0-0: Called Strike
0-1: Swinging Strike
0-2: Foul Ball, location: 2F
0-2: Hit by Pitch
John Hansen to second
Batting: LHB Landon Harryman 0-0: Swinging Strike
0-1: Swinging Strike
0-2: Strikes out looking
Batting: SHB Robert Hillier 0-0: Called Strike
0-1: Called Strike
0-2: Ball
1-2: Strikes out looking
Batting: LHB Félix Calixto 0-0: Foul Ball, location: 2F
0-1: Ball
1-1: Foul Ball, location: 2F
1-2: Foul Ball, location: 2F
1-2: Ball
2-2: Ground out 4-3 (Groundball, 34)
Top of the 6th over - 0 runs, 0 hits, 0 errors, 2 left on base; Asheville 3 - Minnesota 2
BOTTOM OF THE 6TH
Minnesota Loons batting - Pitching for Asheville Highlanders : LHP Mariano Núñez
Now at 2B: José Segura
Batting: RHB Júlio Vargas 0-0: Swinging Strike
0-1: Ball
1-1: Ground out U3 (Groundball, 3S)
Batting: RHB José de la Cavallería 0-0: Called Strike
0-1: Swinging Strike
0-2: Ball
1-2: Ball
2-2: Strikes out swinging
Batting: RHB Jimmy Fick 0-0: SINGLE (Groundball, 56D)
Pitching: RHP Eric Foster
Batting: RHB Cody Jaeckel 0-0: Ball
1-0: Foul Ball, location: 2F
1-1: Ball
2-1: Swinging Strike
2-2: Ball
3-2: Strikes out swinging
Bottom of the 6th over - 0 runs, 1 hit, 0 errors, 1 left on base; Asheville 3 - Minnesota 2
TOP OF THE 7TH
Asheville Highlanders batting - Pitching for Minnesota Loons : RHP Sjoerd Reynoud
Batting: RHB Víctor Hernández 0-0: Foul Ball, location: 2F
0-1: Foul Ball, location: 2F
0-2: Foul Ball, location: 2F
0-2: Foul Ball, location: 2F
0-2: Ball
1-2: Ball
2-2: Fly out, F7 (Flyball, 7D)
Batting: RHB Michael Walters 0-0: Ball
1-0: Ground out 1-3 (Groundball, 13S)
Batting: RHB Harley Whitfield 0-0: Foul Ball, location: 2F
0-1: Ground out 6-3 (Groundball, 6)
Top of the 7th over - 0 runs, 0 hits, 0 errors, 0 left on base; Asheville 3 - Minnesota 2
BOTTOM OF THE 7TH
Minnesota Loons batting - Pitching for Asheville Highlanders : RHP Eric Foster
Batting: RHB Luis Delvalle 0-0: Called Strike
0-1: Ball
1-1: Ball
2-1: Foul Ball, location: 2F
2-2: Foul Ball, location: 2F
2-2: Ball
3-2: SINGLE (Groundball, 5L) (infield hit)
Batting: RHB Rubén Medina 0-0: Sac Bunt - play at first, batter OUT! 5-4
Luis Delvalle to second
Pinch Hitting: LHB Juan Aranda 0-0: Called Strike
0-1: 2-RUN HOME RUN (Flyball, 9D), Distance : 384 ft
Pitching: LHP Joe Duncan
Batting: LHB Bennett Whitford 0-0: Foul Ball, location: 2F
0-1: Ball
1-1: Ball
2-1: Ground out 4-3 (Groundball, 4)
Pitching: RHP Ricky O'Toole
Batting: RHB Ángelo Delgado 0-0: Ball
1-0: SINGLE (Line Drive, 6MD)
Batting: RHB Júlio Vargas 0-0: Foul Ball, location: 2F
0-1: Ball
1-1: Foul Ball, location: 2F
1-2: Fly out, F6 (Popup, 6MD)
Bottom of the 7th over - 2 runs, 3 hits, 0 errors, 1 left on base; Asheville 3 - Minnesota 4
TOP OF THE 8TH
Asheville Highlanders batting - Pitching for Minnesota Loons : RHP Sjoerd Reynoud
Now at C: Tabor Muzquiz
Now at SS: Raúl Mateo
Batting: LHB Jean Tannen 0-0: SINGLE (Flyball, 7LS)
Pinch Runner at 1st Dan Parkinson:
Batting: LHB John Hansen 0-0: Ball
1-0: Called Strike
1-1: Swinging Strike
1-2: Ball
2-2: Ground out 4-3 (Groundball, 4S)
Dan Parkinson to second
Pitching: RHP Horatio McAllister
Pinch Hitting: SHB Javier Luna 0-0: Ball
1-0: Ball
2-0: Ball
3-0: Base on Balls
Pitching: LHP Homer Robertson
Pinch Hitting: SHB Lúcio Gonzáles 0-0: Foul Ball, location: 2F
0-1: Called Strike
0-2: SINGLE (Groundball, 34D)
Dan Parkinson to third
Javier Luna to second
Runner from 3rd tries for Home, SAFE, no throw
Pitching: RHP Fernando Barraza
Batting: SHB José Segura 0-0: Ball
1-0: Foul Ball, location: 2F
1-1: Ball
2-1: Swinging Strike
2-2: SINGLE (Groundball, 3S) (infield hit)
Javier Luna to third
Lúcio Gonzáles to second
Batting: LHB Félix Calixto 0-0: Grounds into fielders choice 4-2 (Groundball, 4)
Lúcio Gonzáles to third
José Segura to second
Batting: RHB Víctor Hernández 0-0: Ball
1-0: Ground out 5-3 (Groundball, 5S)
Top of the 8th over - 1 run, 3 hits, 0 errors, 3 left on base; Asheville 4 - Minnesota 4
BOTTOM OF THE 8TH
Minnesota Loons batting - Pitching for Asheville Highlanders : RHP Ricky O'Toole
Now at 3B: Lúcio Gonzáles
Now in LF: Dan Parkinson
Now in CF: Andrew Berven
Pinch Hitting: LHB Michael Ward 0-0: Ball
1-0: Foul Ball, location: 2F
1-1: Ground out 4-3 (Groundball, 34)
Batting: RHB Jimmy Fick 0-0: Ball
1-0: Ground out 5-3 (Groundball, 5)
Batting: RHB Cody Jaeckel 0-0: Ball
1-0: Ball
2-0: Ball
3-0: Called Strike
3-1: Foul Ball, location: 2F
3-2: Fly out, F5 (Popup, 5F)
Bottom of the 8th over - 0 runs, 0 hits, 0 errors, 0 left on base; Asheville 4 - Minnesota 4
TOP OF THE 9TH
Asheville Highlanders batting - Pitching for Minnesota Loons : RHP Fernando Barraza
Now at 3B: Leonardo Medina
Pinch Hitting: LHB António Paez 0-0: Swinging Strike
0-1: Ball
1-1: Ground out 4-3 (Groundball, 4S)
Batting: RHB Harley Whitfield 0-0: Ball
1-0: Called Strike
1-1: Ball
2-1: Foul Ball, location: 2F
2-2: Ball
3-2: Base on Balls
Batting: RHB Dan Parkinson 0-0: Ball
1-0: Swinging Strike
1-1: Grounds into double play, 6-4-3 (Groundball, 6)
Top of the 9th over - 0 runs, 0 hits, 0 errors, 0 left on base; Asheville 4 - Minnesota 4
BOTTOM OF THE 9TH
Minnesota Loons batting - Pitching for Asheville Highlanders : RHP Ricky O'Toole
Pitching: RHP Brandon Sorkin
Now at C: Carlos Deleón
Batting: RHB Luis Delvalle 0-0: Ball
1-0: Called Strike
1-1: Foul Ball, location: 2F
1-2: Foul Ball, location: 2F
1-2: Foul Ball, location: 2F
1-2: Ball
2-2: SINGLE (Groundball, 6MD)
Pinch Runner at 1st Germán Espantoso:
Batting: RHB Rubén Medina 0-0: Ball
1-0: Ball
2-0: Bunt - Flyout! F5
Batting: SHB Raúl Mateo 0-0: Swinging Strike
0-1: Ball
1-1: Ball
Germán Espantoso is caught stealing 2nd base
2-1: Ground out U3 (Groundball, 3L)
Bottom of the 9th over - 0 runs, 1 hit, 0 errors, 0 left on base; Asheville 4 - Minnesota 4
TOP OF THE 10TH
Asheville Highlanders batting - Pitching for Minnesota Loons : RHP Fernando Barraza
Now in RF: Germán Espantoso
Batting: LHB John Hansen 0-0: Ball
1-0: Ball
2-0: Called Strike
2-1: Ball
3-1: Called Strike
3-2: Base on Balls
Pinch Hitting: RHB Marcos Rico 0-0: Ball
1-0: Grounds into double play, 6-4-3 (Groundball, 6)
Batting: SHB Lúcio Gonzáles 0-0: Fly out, F8 (Flyball, 89D)
Top of the 10th over - 0 runs, 0 hits, 0 errors, 0 left on base; Asheville 4 - Minnesota 4
BOTTOM OF THE 10TH
Minnesota Loons batting - Pitching for Asheville Highlanders : RHP Brandon Sorkin
Now in RF: Marcos Rico
Batting: LHB Bennett Whitford 0-0: Ball
1-0: Called Strike
1-1: Called Strike
1-2: SINGLE (Line Drive, 8LS)
Batting: RHB Tabor Muzquiz 0-0: Swinging Strike
0-1: Foul Ball, location: 2F
0-2: Ball
1-2: SINGLE (Flyball, 8RS)
Bennett Whitford to second
Batting: RHB Júlio Vargas 0-0: Foul Ball, location: 2F
0-1: Foul Ball, location: 2F
0-2: Ball
Wild Pitch!
Bennett Whitford to third
Tabor Muzquiz to second
1-2: Ball
2-2: Foul Ball, location: 2F
2-2: Fly out, F7 (Flyball, 7)
Runner from 3rd tags up, OUT at HOME
Tabor Muzquiz to third
Batting: RHB Leonardo Medina 0-0: Foul Ball, location: 2F
0-1: Fly out, F4 (Line Drive, 4)
Bottom of the 10th over - 0 runs, 2 hits, 0 errors, 1 left on base; Asheville 4 - Minnesota 4
TOP OF THE 11TH
Asheville Highlanders batting - Pitching for Minnesota Loons : RHP Fernando Barraza
Batting: SHB José Segura 0-0: Called Strike
0-1: Ball
1-1: Ball
2-1: SINGLE (Groundball, 4MD)
Batting: LHB Félix Calixto 0-0: Foul Ball, location: 2F
0-1: 2-RUN HOME RUN (Flyball, 9LD), Distance : 360 ft
Batting: RHB Víctor Hernández 0-0: Called Strike
0-1: Fly out, F7 (Line Drive, 7)
Batting: RHB Carlos Deleón 0-0: Called Strike
0-1: Ball
1-1: Ball
2-1: Ball
3-1: Base on Balls
Batting: RHB Harley Whitfield 0-0: Grounds into double play, 1-6-3 (Groundball, 13)
Top of the 11th over - 2 runs, 2 hits, 0 errors, 0 left on base; Asheville 6 - Minnesota 4
BOTTOM OF THE 11TH
Minnesota Loons batting - Pitching for Asheville Highlanders : RHP Brandon Sorkin
Batting: RHB Jimmy Fick 0-0: Called Strike
0-1: SOLO HOME RUN (Flyball, 9LD), Distance : 337 ft
Batting: RHB Cody Jaeckel 0-0: Ball
1-0: Called Strike
1-1: Ball
2-1: Ball
3-1: Base on Balls
Batting: RHB Germán Espantoso 0-0: Bunted foul
0-1: Bunted foul
0-2: Ball
1-2: SINGLE (Line Drive, 56)
Cody Jaeckel to second
Batting: RHB Rubén Medina 0-0: Called Strike
0-1: Grounds into double play, 6-4-3 (Groundball, 6)
Cody Jaeckel to third
Batting: SHB Raúl Mateo 0-0: Ball
1-0: Ball
2-0: Ball
3-0: Base on Balls
Batting: LHB Bennett Whitford 0-0: Ball
1-0: Called Strike
1-1: Ball
2-1: Ball
3-1: Foul Ball, location: 2F
3-2: Fly out, F4 (Popup, 4)
Bottom of the 11th over - 1 run, 2 hits, 0 errors, 2 left on base; Asheville 6 - Minnesota 5
Tuesday, June 12th, 2018 - OOTP Baseball 18.8 Build 76